AoeStats
← Willi

Arabia

506706216Analyzed
1v1 RM · 17d ago on Sep 14, 2026· 49m 3s· 2 players
Game mode
Random Map
Map size
Tiny (2 player)
Population
200
Speed
Normal
Resources
Standard
Victory
Conquest
Starting age
Dark Age
Ending age
Imperial Age
RankedLock teamsTeams togetherTeam positionsShared explorationLock speedFull tech treeHidden civsTurbo modeCheats
Victory
Defeat
🇬🇧 Malians · United Kingdom
747
+16
🇪🇸 Teutons · Spain
738
-38
Willi
1:18 Loom
15:12 Feudal Age
16:22 Arson
20:18 Wheelbarrow
19:29 Town Watch
22:45 Horse Collar
23:00 Double-Bit Axe
24:57 Stone Mining
25:00 Gold Mining
28:12 Castle Age
30:16 Hand Cart
30:01 Town Patrol
30:15 Elite Skirmisher
30:16 Crossbowman
32:58 Pikeman
33:39 Squires
33:25 Gambesons
34:54 Ironclad
43:53 Imperial Age
43:32 Stone Shaft Mining
43:17 Bow Saw
45:53 Heavy Plow
Payaso
7:30 Loom
10:09 Feudal Age
11:03 Double-Bit Axe
12:46 Forging
16:00 Town Watch
19:27 Gold Mining
24:07 Castle Age
23:19 Scale Barding Armor
23:06 Fletching
25:02 Bow Saw
25:31 Gold Shaft Mining
24:40 Horse Collar
25:19 Light Cavalry
26:10 Bloodlines
26:02 Husbandry
30:35 Town Watch
30:49 Stone Mining
31:24 Chain Barding Armor
31:39 Iron Casting
31:00 Bodkin Arrow
34:18 Wheelbarrow
33:44 Town Patrol
41:16 Hand Cart
41:40 Stone Shaft Mining
44:52 Imperial Age
44:36 Tigui
46:39 Chemistry
46:00 Ballistics
45:36 Murder Holes
45:57 Masonry
45:27 Treadmill Crane
46:41 Plate Barding Armor
46:08 Padded Archer Armor
46:09 Scale Mail Armor
49:19 Farimba
48:41 Elite Gbeto
49:42 Conscription
49:58 Hoardings
Connection lost

Rejoining the realm…

Still unreachable

The connection could not be restored.

Session expired

The server has moved on; the page needs a fresh start.